 Dungeon Crawl Stone Soup version 0.16.0-17-g811c1d7 (console) character file.

212291 siepu the End of an Era (level 18, -10/160 HPs)
             Began as a Minotaur Fire Elementalist on Mar 21, 2015.
             Was the Champion of Qazlal.
             Mangled by a swamp dragon (11 damage)
             ... called by a spriggan druid
             ... on level 5 of the Swamp.
             The game lasted 01:50:04 (32797 turns).

siepu the End of an Era (MiFE)                     Turns: 32797, Time: 01:50:04

Health: -10/160    AC: 27    Str: 14    XL:     18   Next: 24%
Magic:  0/42       EV: 16    Int: 12    God:    Qazlal [******]
Gold:   1857       SH: 26    Dex: 18    Spells: 1 memorised, 18 levels left

rFire  + . .     SeeInvis .     b - +4 demon whip (venom)
rCold  . . .     Clarity  .     r - +2 scale mail {rF+}
rNeg   . . .     SustAb   .     O - +4 shield of Satisfaction {-Tele rElec MR+ Str-4 Dex+4}
rPois  +         Gourm    .     W - +2 hat {Spirit} {aux}
rElec  +         Spirit   +     R - +1 cloak "Ghiuf" {MP+9, aux}
rCorr  .         Warding  .     Z - +2 pair of gloves {aux}
rMut   .         NoTele   +     x - +0 pair of boots {aux}
MR     ++...                    G - amulet of regeneration
Stlth  +.........               d - ring of poison resistance
                                D - +4 ring of protection

@: lethally poisoned (-10 -> -10), protected from physical damage, repel
missiles, very resistant to hostile enchantments, very unstealthy
A: retaliatory headbutt, horns 2
a: Upheaval, Elemental Force, Disaster Area, Renounce Religion
}: 1/15 runes: serpentine


You were on level 5 of the Swamp.
You worshipped Qazlal.
Qazlal was exalted by your worship.
You were not hungry.

You visited 6 branches of the dungeon, and saw 33 of its levels.
You visited the Abyss 1 time.
You also visited: Bailey.

You collected 3626 gold pieces.
You spent 1769 gold pieces at shops.


Innate Abilities, Weirdness & Mutations

You reflexively headbutt those who attack you in melee.
You have a pair of horns on your head.


   Skills:
 + Level 14.3 Fighting
 - Level 14.0 Maces & Flails
 - Level 10.5 Armour
 - Level 10.0 Dodging
 - Level 1.5 Stealth
 - Level 15.0 Shields
 - Level 1.3 Spellcasting
 - Level 0.6 Conjurations
 - Level 2.1 Fire Magic
 - Level 17.3 Invocations
 + Level 14.5 Evocations


You had 18 spell levels left.
You knew the following spells:

 Your Spells              Type           Power        Failure   Level  Hunger
a - Flame Tongue          Conj/Fire      #....        61%         1    ##.....

Inventory:

Hand weapons
 a - a +0 blowgun
 b - a +4 demon whip of venom (weapon)
   (You took it off a wight on level 9 of the Dungeon)
Missiles
 v - 101 poisoned needles
 S - 7 javelins (quivered) {=f}
 U - 4 throwing nets {=f}
 V - 7 curare-tipped needles {=g=f!f}
Armour
 r - a +2 scale mail of fire resistance (worn)
   (You took it off an orc on level 4 of the Orcish Mines)
 x - a +0 pair of boots (worn) {aux}
 N - a +0 shield
 O - the +4 shield of Satisfaction (worn) {-Tele rElec MR+ Str-4 Dex+4}
   (You acquired it on level 4 of the Swamp)

   It affects your strength (-4).
   It affects your dexterity (+4).
   It insulates you from electricity.
   It affects your resistance to hostile enchantments.
   It prevents most forms of teleportation.
 R - the +1 cloak "Ghiuf" (worn) {MP+9, aux}
   (You found it in a bailey)

   It affects your magic capacity (+9).
 W - a +2 hat of spirit shield (worn) {aux}
   (You took it off Gastronok on level 3 of the Orcish Mines)
 Z - a +2 pair of gloves (worn) {aux}
Jewellery
 d - a ring of poison resistance (right hand)
   (You bought it in a shop on level 4 of the Orcish Mines)
 g - an uncursed amulet of faith
   (You took it off a naga mage on level 2 of the Snake Pit)
 i - an uncursed amulet of warding
   (You found it on level 8 of the Lair of Beasts)
 j - an uncursed ring of positive energy
   (You found it on level 3 of the Snake Pit)
 q - an uncursed ring of fire
   (You found it on level 3 of the Snake Pit)
 C - an uncursed amulet of resist corrosion
   (You found it on level 3 of the Dungeon)
 D - a +4 ring of protection (left hand)
   (You found it on level 6 of the Dungeon)
 G - an amulet of regeneration (around neck)
   (You bought it in a shop on level 4 of the Orcish Mines)
 M - an uncursed ring of see invisible
   (You found it on level 1 of the Swamp)
Magical devices
 m - a wand of disintegration (12) {!v}
 u - a wand of polymorph (7) {!v}
 A - a wand of paralysis (14) {!v}
 B - a wand of lightning (5) {!v}
 T - a wand of teleportation (3) {!d!v}
 Y - a wand of fireball (4) {!v}
Scrolls
 e - 3 scrolls of blinking {!r}
 f - 4 scrolls of fog {!r}
 h - 5 scrolls of teleportation {!r}
 k - a scroll of fear {!r}
 o - 8 scrolls of remove curse {!r}
 t - 5 scrolls of identify {!r}
 y - 4 scrolls of enchant armour {!r}
 E - 3 scrolls of magic mapping {!r}
 H - 5 scrolls of recharging {!r}
 J - a scroll of holy word {!r}
 L - 2 scrolls of silence {!r}
Potions
 l - 4 potions of curing {!q}
 n - 4 potions of cancellation {!q}
 p - 2 potions of might {!q}
 w - a potion of agility {!q}
 z - 3 potions of magic {!q}
 F - 2 potions of haste {!q}
 I - 4 potions of resistance {!q}
 Q - 2 potions of flight {!q}
 X - 2 potions of heal wounds {!q}
Miscellaneous
 s - a lamp of fire
Comestibles
 c - 14 bread rations {!e}
 K - 3 meat rations {!e}
 P - 3 royal jellies {!e}


Message History

The seven-headed hydra closely misses you.
The seven-headed hydra bites you but does no damage.
You block the seven-headed hydra's attack. x2
The seven-headed hydra bites you!
* * * LOW HITPOINT WARNING * * *
The swamp dragon barely misses you. The swamp dragon closely misses you.
You block the swamp dragon's attack.
The swamp dragon bites you but does no damage.
The swamp dragon misses you. The swamp dragon barely misses you.
The five-headed hydra bites you but does no damage.
The five-headed hydra bites you!
* * * LOW HITPOINT WARNING * * *
The five-headed hydra bites you but does no damage.
The five-headed hydra barely misses you.
The five-headed hydra bites you but does no damage.
You start removing your armour.
You continue taking off the +4 shield of Satisfaction {-Tele rElec MR+ Str-4 Dex+4}.
You feel sick.
You hear a roar!
The seven-headed hydra bites you.
* * * LOW HITPOINT WARNING * * *
You block the seven-headed hydra's attack.
The seven-headed hydra bites you but does no damage.
The seven-headed hydra barely misses you.
The seven-headed hydra bites you but does no damage.
You block the seven-headed hydra's attack. x2
The giant leech bites you but does no damage.
The swamp dragon closely misses you.
The swamp dragon claws you but does no damage.
The swamp dragon barely misses you.
You block the five-headed hydra's attack.
The five-headed hydra bites you.
* * * LOW HITPOINT WARNING * * *
The five-headed hydra bites you but does no damage.
The five-headed hydra barely misses you.
The five-headed hydra closely misses you.
The swamp dragon barely misses you. You furiously retaliate!
You headbutt the swamp dragon, but do no damage.
You block the swamp dragon's attack. x2
You continue taking off the +4 shield of Satisfaction {-Tele rElec MR+ Str-4 Dex+4}.
You feel sick.
You hear a roar!
The seven-headed hydra barely misses you.
You block the seven-headed hydra's attack. x2
The seven-headed hydra bites you.
* * * LOW HITPOINT WARNING * * *
You feel more protected from physical attacks.
You block the seven-headed hydra's attack. x2
The seven-headed hydra barely misses you.
You block the swamp dragon's attack.
The swamp dragon claws you but does no damage.
The swamp dragon tramples you but does no damage.
The swamp dragon bites you.
* * * LOW HITPOINT WARNING * * *
You block the swamp dragon's attack. The swamp dragon closely misses you.
The five-headed hydra bites you but does no damage. x2
The five-headed hydra bites you.
* * * LOW HITPOINT WARNING * * *
You feel more protected from physical attacks.
The five-headed hydra barely misses you.
The five-headed hydra bites you but does no damage.
The giant leech completely misses you.
You continue taking off the +4 shield of Satisfaction {-Tele rElec MR+ Str-4 Dex+4}.
You feel sick.
You block the seven-headed hydra's attack.
The seven-headed hydra bites you but does no damage.
You block the seven-headed hydra's attack. x2
The seven-headed hydra bites you!
* * * LOW HITPOINT WARNING * * *
The seven-headed hydra barely misses you.
You block the seven-headed hydra's attack.
The swamp dragon bites you but does no damage.
The swamp dragon claws you but does no damage.
The swamp dragon tramples you but does no damage.
The five-headed hydra bites you but does no damage. x3
The five-headed hydra closely misses you.
You block the five-headed hydra's attack.
The swamp dragon bites you but does no damage.
The swamp dragon claws you but does no damage.
The swamp dragon misses you. The giant leech misses you.
You continue taking off the +4 shield of Satisfaction {-Tele rElec MR+ Str-4 Dex+4}.
You hear a roar!
You block the seven-headed hydra's attack.
The seven-headed hydra bites you.
* * * LOW HITPOINT WARNING * * *
You feel more protected from physical attacks.
The seven-headed hydra misses you.
You block the seven-headed hydra's attack. x2
The seven-headed hydra bites you but does no damage.
The seven-headed hydra misses you. The swamp dragon barely misses you.
You furiously retaliate!
You headbutt the swamp dragon.
The swamp dragon claws you but does no damage.
The swamp dragon closely misses you.
You block the five-headed hydra's attack.
The five-headed hydra completely misses you.
You block the five-headed hydra's attack.
The five-headed hydra closely misses you.
The five-headed hydra bites you but does no damage.
The swamp dragon bites you!
You die...

♣♣§≈≈§♣♣♣♣
♣♣♣♣♣.≈≈≈≈.≈≈.
♣.≈≈≈§♣
♣♣♣.≈≈≈.♣♣..
♣≈≈≈≈.♣ ♣.≈≈≈≈≈.♣
♣♣..}≈♣ ♣♣≈≈≈..♣♣♣
♣♣≈≈≈.. ♣≈.≈≈.§♣♣♣
♣♣.≈≈♣ ♣♣.≈≈≈≈♣≈♣
♣≈..♣ ♣.§.......≈
♣♣.♣ ♣♣≈§DD♣≈♣≈≈♣
♣≈.§@D))♣≈≈♣#
♣≈≈w§D†≈....♣
♣≈.≈≈§§≈≈DD..≈♣
≈≈..≈≈≈≈≈≈≈k.k§≈.♣
...≈≈≈≈...≈≈≈≈.≈≈≈≈
♣♣.≈≈..♣.≈≈≈≈≈≈≈≈≈
♣♣≈≈♣♣♣♣.≈≈≈≈≈≈≈
♣♣♣ ♣≈.≈≈≈≈≈
♣♣♣♣≈.≈


You could see a seven-headed hydra, a five-headed hydra, a four-headed hydra, 3
swamp dragons, a giant leech and 2 swamp drakes.

Vanquished Creatures
  Norris (Swamp:2)
  Saint Roka (Snake:2)
  A thorn hunter (Swamp:5)
  Rupert (Lair:5)
  Kirke (Swamp:2)
  9 greater nagas
  An orc warlord (Orc:3)
  Gastronok (Orc:3)
  Snorg (Orc:3)
  Josephine (Orc:4)
  An ice dragon (Lair:8)
  Harold (Orc:3)
  15 hydras
  16 naga warriors
  4 ghost crabs
  Nessos (Snake:1)
  Erica (Orc:3)
  9 alligators
  11 death yaks
  13 anacondas
  22 naga sharpshooters
  Urug (Orc:3)
  A spriggan berserker (Swamp:2)
  9 shock serpents
  6 salamander mystics
  An unseen horror (D:10)
  5 spriggan druids
  A hill giant (D:10)
  7 naga ritualists
  2 shambling mangroves
  5 swamp dragons
  Pikel (D:5)
  5 lindwurms
  30 mana vipers
  A hornet (Swamp:3)
  2 orc knights
  12 salamanders
  An ugly thing (D:8)
  A griffon (Lair:6)
  8 elephants (Lair:8)
  53 black mambas
  Joseph (Orc:3)
  15 spiny frogs
  6 torpor snails
  6 guardian serpents
  Psyche (Orc:3)
  18 naga magi
  A fire drake (Lair:8)
  8 komodo dragons
  3 trolls
  Sonja (Orc:3)
  3 blink frogs (Lair:6)
  12 giant leeches
  14 slime creatures
  4 bog bodies
  6 baby alligators (Swamp:1)
  3 basilisks
  5 ravens (Swamp:5)
  9 spriggans
  2 hogs (Swamp:2)
  2 wyverns
  A shadow (Swamp:2)
  6 wraiths
  25 yaks
  62 nagas
  28 vampire mosquitoes
  A hungry ghost (D:10)
  3 hippogriffs
  16 insubstantial wisps
  Edmund (Orc:1)
  5 wargs
  12 porcupines
  A slave (D:6)
  41 water moccasins
  44 orc warriors
  10 swamp drakes
  25 swamp worms
  3 sky beasts
  A black bear (D:9)
  9 ogres
  An ice beast (D:7)
  2 centaurs
  A phantom (D:4)
  11 wasps
  A boring beetle (Lair:8)
  Sigmund (D:3)
  Duvessa (D:5)
  14 crocodiles
  A big kobold (D:8)
  4 brain worms (Lair:8)
  A spectral water moccasin (Swamp:2)
  13 giant frogs
  A wyvern skeleton (D:10)
  2 scorpions (D:8)
  5 electric eels (Lair:4)
  4 wights (D:9)
  Dowan (D:5)
  2 goliath beetles
  A centaur zombie (D:9)
  3 giant frog zombies
  7 crimson imps
  2 jellies
  32 orc priests
  10 hounds
  8 iguanas
  A giant frog skeleton (D:10)
  3 worker ants
  40 orc wizards
  23 sheep
  Ijyb (D:7)
  Jessica (D:3)
  A hound zombie (D:10)
  A worker ant zombie (D:10)
  23 adders
  30 river rats
  A shadow imp (D:10)
  A giant mite (D:1)
  22 worms
  2 adder skeletons
  An ooze (D:2)
  221 orcs
  9 bats
  3 bat skeletons
  A bat zombie (D:8)
  2 giant cockroaches
  30 goblins
  16 hobgoblins
  7 jackals
  25 kobolds
  8 quokkas
  8 giant geckos
  12 giant newts
  2 gnoll zombies (D:3)
  2 orc zombies (Orc:4)
  13 rats
  2 briar patches (Swamp:5)
  4 bushes
  A butterfly (Lair:4)
  56 fungi
  43 plants
1423 creatures vanquished.

Vanquished Creatures (others)
  A spriggan druid (Swamp:5)
  A hill giant (D:10)
  A human (Swamp:2)
  A slave (D:10)
  2 orcs
  A rat (D:10)
  A briar patch (Swamp:5)
  4 fungi
  4 toadstools (D:1)
16 creatures vanquished.

Grand Total: 1439 creatures vanquished

Notes
Turn   | Place    | Note
--------------------------------------------------------------
     0 | D:1      | siepu, the Minotaur Fire Elementalist, began the quest for the Orb.
     0 | D:1      | Reached XP level 1. HP: 14/14 MP: 2/2
    16 | D:1      | Reached skill level 1 in Fighting
   114 | D:1      | Reached XP level 2. HP: 19/24 MP: 2/2
   550 | D:1      | Reached skill level 3 in Fighting
   673 | D:2      | Reached skill level 1 in Maces & Flails
   673 | D:2      | Reached XP level 3. HP: 19/31 MP: 3/3
   952 | D:2      | Reached skill level 3 in Maces & Flails
   952 | D:2      | Reached XP level 4. HP: 38/38 MP: 2/4
  1303 | D:2      | Found a sparkling altar of Nemelex Xobeh.
  1551 | D:3      | Noticed Sigmund
  1558 | D:3      | Killed Sigmund
  1558 | D:3      | Reached skill level 5 in Maces & Flails
  1558 | D:3      | Reached XP level 5. HP: 26/45 MP: 3/4
  1732 | D:3      | Found a blossoming altar of Fedhas.
  1863 | D:3      | Noticed Jessica
  1872 | D:3      | Killed Jessica
  1951 | D:3      | Found a burning altar of Makhleb.
  1955 | D:3      | Reached skill level 6 in Maces & Flails
  2048 | D:3      | Found a basalt altar of Yredelemnul.
  2126 | D:3      | Reached XP level 6. HP: 37/51 MP: 3/5
  2354 | D:3      | Found a radiant altar of Vehumet.
  2358 | D:3      | Found a sacrificial altar of Ru.
  2363 | D:3      | Found a deep blue altar of Sif Muna.
  2608 | D:4      | Found a staircase to the Ecumenical Temple.
  2617 | Temple   | Entered the Ecumenical Temple
  2960 | Temple   | Became a worshipper of Qazlal Stormbringer
  3015 | D:4      | Reached skill level 7 in Maces & Flails
  3275 | D:4      | Found a glowing golden altar of the Shining One.
  3275 | D:4      | Noticed an angel
  3276 | D:4      | Found a runed door.
  3395 | D:4      | Reached skill level 8 in Maces & Flails
  3395 | D:4      | Reached XP level 7. HP: 25/57 MP: 3/6
  3801 | D:4      | Found an ancient bone altar of Kikubaaqudgha.
  3801 | D:4      | Found a bloodstained altar of Trog.
  3978 | D:5      | Entered Level 5 of the Dungeon
  3978 | D:5      | Found Bisix's Magic Scroll Shoppe.
  3997 | D:4      | Acquired Qazlal's first power
  4126 | D:5      | Bought a scroll of fog for 24 gold pieces
  4126 | D:5      | Bought a scroll of teleportation for 36 gold pieces
  4141 | D:5      | Reached skill level 9 in Maces & Flails
  4245 | D:5      | Noticed Duvessa
  4245 | D:5      | Noticed Dowan
  4252 | D:5      | Killed Duvessa
  4266 | D:5      | Killed Dowan
  4530 | D:5      | Reached skill level 10 in Maces & Flails
  4564 | D:5      | Reached XP level 8. HP: 51/63 MP: 5/6
  4836 | D:6      | Found a staircase to the Ecumenical Temple.
  5122 | D:6      | Reached skill level 11 in Maces & Flails
  5276 | D:6      | Found a snail-covered altar of Cheibriados.
  5366 | D:6      | Acquired Qazlal's second power
  5677 | D:7      | Noticed Pikel
  5887 | D:5      | Killed Pikel
  5887 | D:5      | Reached skill level 13 in Maces & Flails
  6037 | D:7      | Reached XP level 9. HP: 69/69 MP: 7/7
  6187 | D:7      | Noticed Ijyb
  6200 | D:7      | Killed Ijyb
  6572 | D:7      | Reached skill level 14 in Maces & Flails
  6889 | D:7      | Reached skill level 1 in Invocations
  7196 | D:8      | Noticed a purple ugly thing
  7210 | D:8      | Killed a purple ugly thing
  7541 | D:8      | Reached skill level 3 in Invocations
  7705 | D:8      | Got an ancient trident
  7706 | D:8      | Identified the +4 trident of the Wasp {freeze, Str+4 Dex+3} (You found it on level 8 of the Dungeon)
  7847 | D:8      | Reached skill level 6 in Fighting
  7872 | D:8      | Found a staircase to the Lair.
  8170 | D:8      | Acquired Qazlal's third power
  8217 | D:9      | Reached XP level 10. HP: 81/84 MP: 12/12
  8287 | D:9      | Found Stroabuis' Magic Scroll Emporium.
  8299 | D:9      | Found a staircase to the Orcish Mines.
  8310 | D:9      | Reached skill level 6 in Invocations
  8316 | D:9      | Bought 2 scrolls of magic mapping for 70 gold pieces
  8361 | D:9      | Found a flagged portal.
  8384 | D:9      | Got a polished halberd
  8391 | Bailey   | Entered a bailey
  8394 | Bailey   | Identified the +4 halberd of Proximity {holy, rC+ MR+ Int-4} (You found it on level 9 of the Dungeon)
  8735 | Bailey   | Noticed an orc knight
  8926 | Bailey   | Got a brightly glowing cloak {aux}
  8945 | Bailey   | Killed an orc knight
  8967 | Bailey   | Identified the +1 cloak "Ghiuf" {MP+9, aux} (You found it in a bailey)
  9264 | D:9      | Found a white marble altar of Elyvilon.
  9626 | D:10     | Entered Level 10 of the Dungeon
  9683 | D:10     | Killed an unseen horror
  9683 | D:10     | Reached skill level 9 in Invocations
  9727 | D:10     | Killed a hill giant
  9887 | D:10     | Noticed a hill giant
  9899 | D:10     | Killed a hill giant
  9925 | D:10     | Reached XP level 11. HP: 72/90 MP: 21/21
 10307 | Orc:1    | Entered Level 1 of the Orcish Mines
 10307 | Orc:1    | Found Styoshry's Antique Armour Shop.
 10320 | Orc:1    | Bought an embroidered hat for 112 gold pieces
 10405 | Orc:1    | Noticed Edmund
 10411 | Orc:1    | Acquired Qazlal's fourth power
 10433 | Orc:1    | Killed Edmund
 11056 | Orc:3    | Found a roughly hewn altar of Beogh.
 11066 | Orc:3    | Acquired Qazlal's fifth power
 11134 | Orc:3    | Noticed Sonja
 11150 | Orc:3    | Killed Sonja
 11157 | Orc:3    | Noticed Gastronok
 11181 | Orc:3    | Killed Gastronok
 11230 | Orc:3    | Found Phaaxtur's Distillery.
 11240 | Orc:3    | Bought a potion of poison for 13 gold pieces
 11240 | Orc:3    | Bought a potion of haste for 130 gold pieces
 11240 | Orc:3    | Bought a potion of heal wounds for 65 gold pieces
 11285 | Orc:3    | Noticed Snorg
 11290 | Orc:3    | Killed Snorg
 11290 | Orc:3    | Reached skill level 12 in Invocations
 11520 | Orc:3    | Noticed Urug
 11535 | Orc:3    | Killed Urug
 11647 | Orc:3    | Noticed Joseph
 11657 | Orc:3    | Killed Joseph
 11900 | Orc:4    | Entered Level 4 of the Orcish Mines
 11902 | Orc:4    | Noticed Erica
 11909 | Orc:4    | Noticed Harold
 11929 | Orc:3    | Killed Erica
 12241 | Orc:4    | Noticed Psyche
 12504 | Orc:4    | Cast into the Abyss (Psyche)
 12504 | Abyss:1  | Found a corrupted altar of Lugonu.
 12557 | Abyss:1  | Gained mutation: Scrolls take you a little longer to read. [a neqoxec]
 12563 | Orc:4    | Escaped the Abyss
 12577 | Orc:3    | Killed Psyche
 12759 | Orc:3    | Killed Harold
 12759 | Orc:3    | Reached XP level 12. HP: 88/97 MP: 26/26
 12785 | Orc:4    | Noticed Josephine
 12865 | Orc:4    | Killed Josephine
 12907 | Orc:4    | Noticed an orc warlord
 13152 | Orc:3    | Killed an orc warlord
 13571 | Orc:4    | Reached skill level 15 in Invocations
 13674 | Orc:4    | Found an iron altar of Okawaru.
 13795 | Orc:4    | Found a staircase to the Elven Halls.
 13832 | Orc:4    | Found a roughly hewn altar of Beogh.
 13832 | Orc:4    | Found Kuacugg's Distillery.
 13859 | Orc:4    | Bought a potion of curing for 39 gold pieces
 13859 | Orc:4    | Bought a potion of lignification for 39 gold pieces
 13859 | Orc:4    | Bought a potion of flight for 39 gold pieces
 13859 | Orc:4    | Bought a potion of heal wounds for 65 gold pieces
 13875 | Orc:4    | Found a roughly hewn altar of Beogh.
 13969 | Orc:4    | Found a roughly hewn altar of Beogh.
 13979 | Orc:4    | Found Psicoladd's Jewellery Emporium.
 14061 | Orc:4    | Found a roughly hewn altar of Beogh.
 14246 | Orc:4    | Found a roughly hewn altar of Beogh.
 14293 | Orc:4    | Found a roughly hewn altar of Beogh.
 14422 | Orc:4    | Found a roughly hewn altar of Beogh.
 14422 | Orc:4    | Found Kuorok's Antique Weapon Emporium.
 14424 | Orc:4    | Found Fioniess' Antique Armour Shoppe.
 14431 | Orc:4    | Bought a crystal blowgun for 225 gold pieces
 14437 | Orc:4    | Bought a pair of gloves for 112 gold pieces
 14481 | Orc:4    | Bought an uncursed amulet of regeneration for 480 gold pieces
 14931 | Lair:1   | Entered Level 1 of the Lair of Beasts
 14969 | Lair:1   | Identified the cursed -2 blowgun of Dismay {evade, MR+ Int+2} (You bought it in a shop on level 4 of the Orcish Mines)
 15407 | Lair:1   | Reached skill level 16 in Invocations
 15862 | Lair:2   | Reached skill level 1 in Armour
 15862 | Lair:2   | Reached skill level 1 in Shields
 15984 | Lair:2   | Noticed a four-headed hydra
 15996 | Lair:2   | Killed a four-headed hydra
 15996 | Lair:2   | Reached skill level 3 in Dodging
 16209 | Lair:2   | Reached skill level 3 in Shields
 16216 | Lair:2   | Reached skill level 3 in Armour
 16386 | Lair:2   | Reached XP level 13. HP: 103/103 MP: 29/29
 16815 | Lair:3   | Found a staircase to the Snake Pit.
 17633 | Lair:4   | Found a staircase to the Snake Pit.
 18480 | Lair:5   | Found a staircase to the Swamp.
 18497 | Lair:5   | Reached skill level 6 in Armour
 18509 | Lair:5   | Reached skill level 6 in Shields
 18524 | Lair:5   | Noticed Rupert
 18557 | Lair:5   | Reached skill level 6 in Dodging
 18571 | Lair:5   | Killed Rupert
 20050 | Lair:7   | Found a viscous altar of Jiyva.
 20051 | Lair:7   | Found a staircase to the Slime Pits.
 20388 | Lair:8   | Entered Level 8 of the Lair of Beasts
 20429 | Lair:8   | Reached XP level 14. HP: 109/111 MP: 29/29
 20548 | Lair:8   | Reached skill level 9 in Armour
 20548 | Lair:8   | Reached skill level 9 in Shields
 20585 | Lair:8   | Reached skill level 9 in Dodging
 20747 | Lair:8   | Found a runed door.
 21908 | Orc:4    | Bought an uncursed ring of poison resistance for 320 gold pieces
 22054 | Lair:1   | Lost mutation: Scrolls take you a little longer to read. [potion of cure mutation]
 22229 | Snake:1  | Entered Level 1 of the Snake Pit
 22428 | Snake:1  | Reached skill level 1 in Evocations
 22475 | Snake:1  | Found a glowing silver altar of Zin.
 22808 | Snake:1  | Reached skill level 3 in Evocations
 22825 | Snake:1  | Noticed Nessos
 22857 | Snake:1  | Killed Nessos
 23242 | Snake:1  | Reached XP level 15. HP: 116/116 MP: 30/30
 23542 | Snake:2  | Reached skill level 12 in Shields
 23675 | Snake:2  | Noticed Saint Roka
 23696 | Snake:2  | Killed Saint Roka
 23828 | Snake:2  | Reached skill level 6 in Evocations
 25804 | Snake:3  | You fall through a shaft!
 26119 | Snake:4  | Reached XP level 16. HP: 85/124 MP: 25/31
 26257 | Snake:4  | Reached skill level 9 in Evocations
 26543 | Snake:4  | Reached skill level 17 in Invocations
 27280 | Snake:5  | Entered Level 5 of the Snake Pit
 27338 | Snake:5  | Reached skill level 15 in Shields
 28255 | Snake:5  | Reached skill level 9 in Fighting
 28688 | Snake:5  | Reached XP level 17. HP: 81/139 MP: 26/32
 28991 | Snake:5  | Reached skill level 12 in Evocations
 29098 | Snake:5  | Got a serpentine rune of Zot
 29432 | Swamp:1  | Entered Level 1 of the Swamp
 30254 | Swamp:2  | Noticed Norris
 30262 | Swamp:2  | Paralysed by Norris for 2 turns
 30265 | Swamp:2  | Paralysed by Norris for 7 turns
 30289 | Swamp:2  | Killed Norris
 30289 | Swamp:2  | Reached skill level 12 in Fighting
 30426 | Swamp:2  | Noticed Kirke
 30435 | Swamp:2  | Killed Kirke
 31390 | Swamp:3  | Noticed Roxanne
 32091 | Swamp:4  | Identified a scroll of acquirement {!r}
 32098 | Swamp:4  | Got a polished shield
 32109 | Swamp:4  | Identified the +4 shield of Satisfaction {-Tele rElec MR+ Str-4 Dex+4} (You acquired it on level 4 of the Swamp)
 32419 | Swamp:5  | Entered Level 5 of the Swamp
 32496 | Swamp:5  | Reached XP level 18. HP: 149/158 MP: 33/33
 32793 | Swamp:5  | HP: 31/160 [seven-headed hydra[a spriggan druid] (6)]
 32795 | Swamp:5  | HP: 13/160 [swamp dragon[a spriggan druid] (3)]
 32796 | Swamp:5  | HP: 4/160 [seven-headed hydra[a spriggan druid] (6)]
 32797 | Swamp:5  | HP: 1/160 [seven-headed hydra[a spriggan druid] (3)]
 32797 | Swamp:5  | Mangled by a swamp dragon

Vault maps used:
D:1:      ldierk_walled_garden_2, serial_bayou_crossing
D:2:      nemelex_xobeh_ov_fountains_minmay
D:3:      lemuel_zombie_altar_yredelemnul, makhleb_grotto_becter,
          lemuel_coloured_pillars_altar, minitemple, kennysheep_generic_room_3,
          uniq_sigmund, uniq_jessica
D:4:      gammafunk_temple_overflow_wave, temple_pool_b, lemuel_angel_altar
D:5:      first_bread, serial_shops, shop_scrolls, uniq_duvessa
D:6:      kennysheep_mini_moat, minmay_temple_entry_oklob
D:7:      uniq_pikel, uniq_iyjb
D:8:      erik_lair_orcish_takeover
D:9:      kennysheep_mini, enter_bailey_2, serial_shops, shop_statue
D:10:     the_bakery, minmay_hedge_maze, lemuel_flamethrower_2
Temple:   minmay_temple_bridge_a_8
Lair:2:   beast_lair_carwin_4, grunt_megastairs_1, infiniplex_staircase_pool_2,
          serial_bayou_shore_b
Lair:3:   guppyfry_snake_entry_garden, serial_forest,
          infiniplex_forest_clump_curved, infiniplex_forest_clump_double,
          infiniplex_forest_clump_small, infiniplex_forest_lined_1,
          small_statue_intersection
Lair:4:   minmay_snake_entry_guardpost_small, grunt_megastairs_3,
          lemuel_fruit_fields, infiniplex_staircase_pool, serial_bayou_shore_a
Lair:5:   minmay_swamp_entry_worms, uniq_rupert
Lair:7:   slime_altar_1
Lair:8:   wormcave
Swamp:1:  nicolae_swamp_trees_clearing, swamp_pool1
Swamp:2:  cheibrodos_swamp_heart_of_darkness, evilmike_swamp_ruin_wall,
          swamp_pool5, nicolae_swamp_spriggan_camp, uniq_kirke, uniq_norris
Swamp:3:  hangedman_swamp_blocks, swamp_pool1, uniq_roxanne
Swamp:4:  evilmike_swamp_ruin_rubble_2
Swamp:5:  swamp
Snake:1:  basic_altar, grunt_ministairs_12, nicolae_coiled_stairwell_down,
          serial_bayou_shore_b, uniq_nessos
Snake:2:  uniq_saint_roka
Snake:3:  special_room
Snake:4:  hangedman_venom_bottle
Snake:5:  snake_pit_salamanders_mu
Orc:1:    serial_shops, nicolae_shop_temple_entry_statues_fountains,
          trog_hazing_becter, uniq_edmund
Orc:3:    serial_shops, shop, basic_altar, nicolae_orc_pool_cavern, uniq_snorg,
          uniq_joseph, uniq_urug, uniq_gastronok, uniq_sonja
Orc:4:    grunt_orc_community_town_hall, grunt_orc_community_big_house_2,
          grunt_orc_community_big_house_1, grunt_orc_community_house_3,
          grunt_orc_community_house_2, grunt_orc_community_house_3,
          grunt_orc_community_house_1, grunt_orc_community_house_3,
          grunt_orc_community_house_1, basic_altar, minmay_orc_keep,
          uniq_josephine, uniq_psyche, uniq_erica, uniq_harold
Bailey:   bailey_polearm_1, bailey

Action                   |  1- 3 |  4- 6 |  7- 9 | 10-12 | 13-15 | 16-18 || total
-------------------------+-------+-------+-------+-------+-------+-------++-------
Melee: Unarmed           |    23 |       |       |       |       |       ||    23
       Mace              |    45 |    93 |       |       |       |       ||   138
       Short sword       |     3 |       |       |       |       |       ||     3
       War axe           |       |    25 |   153 |       |       |       ||   178
       Whip              |       |       |   171 |    70 |       |       ||   241
       Demon whip        |       |       |       |   950 |  1409 |  1322 ||  3681
 Fire: Blowgun           |       |       |     4 |    38 |       |       ||    42
Throw: Stone             |       |       |     9 |     8 |       |       ||    17
Invok: Upheaval          |       |       |       |    12 |    11 |    10 ||    33
Evoke: Wand              |       |       |       |       |       |     1 ||     1
  Use: Scroll            |       |       |     4 |    14 |    19 |     4 ||    41
       Potion            |       |       |       |       |     2 |     4 ||     6
 Stab: Distracted        |       |       |       |     1 |       |       ||     1
  Eat: Chunk             |       |     8 |    10 |    24 |    35 |    20 ||    97
       Meat ration       |       |       |     1 |       |       |     2 ||     3
       Beef jerky        |       |       |       |     2 |       |       ||     2
       Royal jelly       |       |       |       |       |     1 |       ||     1
